 Dungeon Crawl Stone Soup version 0.29.1-1-gd02db6906a (webtiles) character file.

Game seed: 3996431273409259679

58 Demigod47 the Covered (level 3, -6/32 (33) HPs)
             Began as a Minotaur Fighter on Oct 9, 2022.
             Mangled by Sigmund
             ... wielding a +2 scythe of freezing
              (8 damage)
             ... on level 3 of the Dungeon.
             The game lasted 00:02:36 (1853 turns).

Demigod47 the Covered (Minotaur Fighter)            Turns: 1853, Time: 00:02:36

HP:   -6/32 (33)    AC:  7    Str: 22    XL:     3   Next: 75%
MP:   2/2           EV:  9    Int:  5    God:
Gold: 61            SH:  0    Dex:  9    Spells: 2/2 levels left

rFire   . . .      SeeInvis .   a - +0 flail
rCold   . . .      Faith    .   c - +0 buckler
rNeg    . . .      Spirit   .   b - +0 scale mail
rPois   .          Reflect  .   (helmet restricted)
rElec   .          Harm     .   (no cloak)
rCorr   .          Rampage  .   (no gloves)
Will    .....                   (no boots)
Stlth   ..........              (no amulet)
HPRegen 0.10/turn               (no ring)
MPRegen 0.08/turn               (no ring)

@: confused, lightly drained
A: horns 2, retaliatory headbutt
a: no special abilities


You were on level 3 of the Dungeon.
You visited 1 branch of the dungeon, and saw 4 of its levels.

You collected 61 gold pieces.

Inventory:

Hand Weapons
 a - a +0 flail (weapon)
Armour
 b - a +0 scale mail (worn)
 c - a +0 buckler (worn)
Scrolls
 e - a scroll of poison {unknown}
 h - a scroll of teleportation {unknown}
 i - a scroll of fog {unknown}
 k - 2 scrolls of magic mapping {unknown}
 m - a scroll of fear {unknown}
 n - a scroll of vulnerability {unknown}
 p - a scroll of identify {unknown}
 q - a scroll of amnesia {unknown}
Potions
 d - 2 potions of might
 f - a potion of flight {unknown}
 g - 2 potions of curing {unknown}
 j - a potion of lignification {unknown}
 l - a potion of degeneration {unknown}
 o - 2 potions of mutation {unknown}


   Skills:
 + Level 4.0 Fighting
 * Level 3.0 Maces & Flails
 + Level 4.7 Armour
 + Level 4.1 Shields


You had 2 spell levels left.
You didn't know any spells.
Your spell library contained the following spells:

 Spells                   Type           Power      Damage    Failure   Level
 Beastly Appendage        Tmut           0%         N/A       87%         1
 Wereblood                Tmut           0%         N/A       95%         2
 Spider Form              Tmut/Pois      0%         N/A       99%         3


Dungeon Overview and Level Annotations

Branches:
Dungeon (4/15)
 Temple: D:4-7

Altars:
Xom

Annotations:
D:3 Sigmund
D:4 Colgate's ghost, amateur FoHu


Innate Abilities, Weirdness & Mutations

You have a pair of horns on your head.
You reflexively headbutt those who attack you in melee.


Message History

You now have 61 gold pieces (gained 18).
You see here a rat skeleton.
There is an open door here.
There is a stone staircase leading down here.
Sigmund the Dreaded comes into view.
He is wielding a +2 scythe of freezing.
Sigmund shouts!
Sigmund is nearby!
Sigmund is nearby!
Sigmund drinks a potion.
Sigmund's spells are empowered!
Sigmund closely misses you.
You closely miss Sigmund.
Sigmund points at you and mumbles some strange words.
The puff of flame hits you! Sigmund hits you but does no damage.
You barely miss Sigmund. Your headbutt misses Sigmund.
Sigmund closely misses you.
You closely miss Sigmund. You headbutt Sigmund.
Sigmund is lightly wounded.
You barely miss Sigmund. You headbutt Sigmund.
Sigmund is moderately wounded.
Sigmund completely misses you. You furiously retaliate!
You headbutt Sigmund! You barely miss Sigmund. Your headbutt misses Sigmund.
Sigmund is heavily wounded.
Sigmund points at you and mumbles some strange words.
You are confused.
Sigmund gestures at you while chanting.
You are more confused.
Sigmund hits you but does no damage.
Sigmund hits you from afar with a +2 scythe of freezing!
Sigmund freezes you.
You bump into the rock wall.
Sigmund seems less brilliant.
Sigmund hits you from afar with a +2 scythe of freezing.
Sigmund freezes you.
You bump into the rock wall.
You're too confused to move!
Sigmund hits you from afar with a +2 scythe of freezing!
* * * LOW HITPOINT WARNING * * *
Sigmund freezes you.
* * * LOW HITPOINT WARNING * * *
Sigmund hits you with a +2 scythe of freezing!
You die...

#....#.....≈≈≈≈≈≈≈≈≈≈..........
#.÷÷.#.....≈≈≈≈≈≈≈≈≈~..##).....
#....#....~###≈≈≈~###~...).####
#....#....#...#~≈#...#.....#
#....####.#.⌠.#..#.⌠.#.....#
#....# #.#...#..#...#.....#
#....# #..###....###......#
#....# #.................##
#....# #####.@##.###...#.#
###.## ##@...# #####.. #.#
#.#### #.# #.# #.# #.# #####.#
#.# ......# #.# ############
... ...........# ...


You could see Sigmund.

Vanquished Creatures
  An adder (D:3)
  2 dart slugs
  5 ball pythons
  4 bats
  2 endoplasms
  A giant cockroach (D:4)
  2 goblins
  2 hobgoblins (D:1)
  12 jackals
  A quokka (D:2)
  A frilled lizard (D:1)
  3 kobolds
  3 rats
39 creatures vanquished.

Notes
Turn   | Place    | Note
-------+----------+-------------------------------------------
     0 | D:1      | Demigod47 the Minotaur Fighter began the quest for the Orb.
     0 | D:1      | Reached XP level 1. HP: 19/19 MP: 0/0
    73 | D:1      | Reached XP level 2. HP: 14/27 MP: 1/1
  1024 | D:2      | Reached XP level 3. HP: 29/33 MP: 2/2
  1254 | D:2      | You fall into a shaft and drop 2 floors!
  1267 | D:4      | Noticed Colgate's ghost (amateur FoHu)
  1267 | D:4      | Noticed a killer bee
  1535 | D:3      | Found a shimmering altar of Xom.
  1836 | D:3      | Noticed Sigmund
  1853 | D:3      | Mangled by Sigmund

Illustrated notes

Levels and vault maps discovered:
D:1:      scummos_arrival_simple_fountains, layout_loops_ring,
          nicolae_figureground_sparkle
D:2:      layout_basic
D:3:      layout_basic, mainiacjoe_overflow_small_starburst,
          minmay_misc_feat_tower, fountainhead, uniq_natasha, uniq_sigmund
D:4:      layout_layer_cave, worldfamousw_hep_ancestral_shrine,
          gammafunk_ghost_split

Skill      XL: |  1  2  3 |
---------------+----------+-----
Shields        | 4 |  4.1
Armour         | 4 |  4.7
Fighting       | 4 |  4.0
Maces & Flails | 3 |  3.0

Action                   || total
-------------------------++-------
Melee: Flail             ||    85
       Headbutt          ||    13
Armor: Scale mail        ||    66
Dodge: Dodged            ||    59
Block: Buckler           ||    24
